 Dungeon Crawl Stone Soup version 0.17-a0-1719-g1afd5a1 (webtiles) character file.

68 Promi the Stinger (level 4, 0/21 HPs)
             Began as a Spriggan Venom Mage on Aug 28, 2015.
             Slain by an adder (2 damage)
             ... on level 3 of the Dungeon.
             The game lasted 00:08:39 (2472 turns).

Promi the Stinger (Spriggan Venom Mage)             Turns: 2472, Time: 00:08:40

Health: 0/21       AC:  2    Str:  4    XL:     4   Next: 1%
Magic:  0/10       EV: 18    Int: 17    God:
Gold:   148        SH:  0    Dex: 16    Spells: 3 memorised, 4 levels left

rFire  . . .     SeeInvis +     (weapon restricted)
rCold  . . .     Clarity  .     a - +0 robe
rNeg   . . .     SustAt   .     (shield restricted)
rPois  .         Gourm    .     (helmet restricted)
rElec  .         Spirit   .     (no cloak)
rCorr  .         Warding  .     (gloves unavailable)
rMut   .         Stasis   .     (boots unavailable)
MR     .....                    (no amulet)
Stlth  +++.......               (no ring)
                                (no ring)

@: lethally poisoned (0 -> -5), very slightly contaminated, very quick, not
resistant to hostile enchantments, fairly stealthy
A: unfitting armour, see invisible, herbivore 3, speed 3, slow metabolism 2
a: no special abilities


You were on level 3 of the Dungeon.
You were not hungry.

You visited 1 branch of the dungeon, and saw 3 of its levels.

You collected 148 gold pieces.

Inventory:

Armour
 a - a +0 robe (worn)
Jewellery
 k - a +4 ring of slaying {unknown}
Scrolls
 d - a scroll of blinking {unknown}
 e - 2 scrolls of fear {unknown}
 i - 2 scrolls of remove curse {unknown}
 j - a scroll of enchant weapon {unknown}
 m - a scroll of fog {unknown}
Potions
 f - a potion of ambrosia {unknown}
 g - a potion of curing {unknown}
 l - a potion of heal wounds {unknown}
 n - a potion of magic {unknown}
 q - a potion of cure mutation {unknown}
Books
 b - a Young Poisoner's Handbook

   Spells                             Type                      Level
   a - Sting                          Conjuration/Poison           1
   b - Cure Poison                    Poison                       2
   c - Mephitic Cloud                 Conjuration/Poison/Air       3
   d - Olgreb's Toxic Radiance        Poison                       4
   e - Venom Bolt                     Conjuration/Poison           5
Comestibles
 c - 3 bread rations
 h - 3 fruits
 o - a royal jelly
 p - a slice of pizza


   Skills:
 + Level 3.5 Dodging
 + Level 4.0 Stealth
 + Level 3.9 Spellcasting
 + Level 4.5 Poison Magic


You had 4 spell levels left.
You knew the following spells:

 Your Spells              Type           Power        Failure   Level  Hunger
a - Sting                 Conj/Pois      ##..         10%         1    None
b - Cure Poison           Pois           ###.......   4%          2    ##.....
c - Mephitic Cloud        Conj/Pois/Air  #.......     30%         3    ###....


Dungeon Overview and Level Annotations

Branches:
Dungeon (3/15)

Altars:
Ru


Innate Abilities, Weirdness & Mutations

You are tiny and cannot use many weapons and most armour.
You have supernaturally acute eyesight.
You are a herbivore.
You cover ground extremely quickly.
You need consume almost no food.


Message History

The adder completely misses you. The orc closely misses you.
The orc hits you from afar with a trident.
Casting: Sting
Confirm with . or Enter, or press ? or * to list all spells.
Aiming: Sting
Press: ? - help, Shift-Dir - straight line, f - adder, p - orc
Aim: an adder You miscast Sting.
Nothing appears to happen.
The adder bites you.
* * * LOW HITPOINT WARNING * * *
You are lethally poisoned!
The adder poisons you! The orc hits you.
* * * LOW HITPOINT WARNING * * *
The orc closely misses you.
Casting: Sting
Confirm with . or Enter, or press ? or * to list all spells.
You don't have enough magic to cast that spell.
* * * LOW HITPOINT WARNING * * *
You feel sick. The adder closely misses you. The orc misses you.
The adder bites you.
You die...

# ...... . # #....o .
# #.g..o . #
#....§#### . #
#....g§§. .
#######.....§§ .
......#......# # .
.............#####.#
#
.......###...)oo@S.#
...#...###.#.########
.............[.......
#..#.#..##.#.#####...
.. #..........#.# ..#
#.####..####.#####
#.#
.................#
#.#
#............###.#
#.# #.############
#.# #.#


You could see an adder and 2 orcs.

Vanquished Creatures
  An adder (D:2)
  2 giant geckos (D:3)
  4 orcs (D:3)
  4 bats
  4 giant cockroaches
  10 goblins
  6 hobgoblins
  3 jackals (D:1)
  2 quokkas
  2 ball pythons
  2 giant newts
  5 kobolds
  5 rats
50 creatures vanquished.

Notes
Turn   | Place    | Note
--------------------------------------------------------------
     0 | D:1      | Promi the Spriggan Venom Mage began the quest for the Orb.
     0 | D:1      | Reached XP level 1. HP: 9/9 MP: 5/5
   259 | D:1      | Reached XP level 2. HP: 13/13 MP: 3/6
  1383 | D:2      | Reached XP level 3. HP: 16/16 MP: 3/8
  1387 | D:2      | Learned a level 2 spell: Cure Poison
  1391 | D:2      | Learned a level 3 spell: Mephitic Cloud
  2116 | D:3      | Found a sacrificial altar of Ru.
  2462 | D:3      | Reached XP level 4. HP: 14/21 MP: 2/10
  2472 | D:3      | Slain by an adder

Vault maps used:
D:1:      minmay_arrival_semitransparent
D:3:      lemuel_crystal_altar, bloody_trog, fedhas_altar_3, uniq_jessica,
          uniq_terence

Action                   |  1- 3 |  4- 6 || total
-------------------------+-------+-------++-------
Melee: Unarmed           |    19 |       ||    19
 Cast: Sting             |   105 |     3 ||   108
       Mephitic Cloud    |     1 |       ||     1
